AoeStats
← 大王同学

Black Forest

503212707Analyzed
4v4 RM · 1mo ago on Aug 30, 2026· 46m 13s· 8 players
Game mode
Random Map
Map size
Large (8 player)
Population
200
Speed
Normal
Resources
Standard
Victory
Conquest
Starting age
Dark Age
Ending age
Imperial Age
RankedLock teamsTeams togetherTeam positionsShared explorationLock speedFull tech treeHidden civsTurbo modeCheats
Victory
Defeat
🇨🇳 Khmer · China
1364
+12
1340
+13
🇷🇺 Cumans · Russia
1288
+16
🇭🇰 Italians · Hong Kong SAR China
1254
+17
🇩🇪 Gurjaras · Germany
1312
-16
🇩🇪 Japanese · Germany
1286
-15
🇺🇸 Saracens · United States
1282
-15
🇩🇪 Khmer · Germany
1240
-13
Non faux pa
7:46 Loom
13:48 Feudal Age
18:28 Castle Age
16:19 Double-Bit Axe
16:30 Horse Collar
20:34 Heavy Plow
21:18 Wheelbarrow
28:02 Hand Cart
30:24 Scale Barding Armor
31:02 Husbandry
33:59 Imperial Age
31:48 Bloodlines
32:32 Bow Saw
32:52 Caravan
34:34 Forging
34:23 Elite Mameluke
35:24 Onager
36:18 Siege Engineers
38:59 Siege Onager
45:38 Chain Barding Armor
jujuchoker
12:22 Feudal Age
16:45 Castle Age
15:01 Fishing Lines
15:45 Double-Bit Axe
21:02 Wheelbarrow
20:53 Gillnets
20:50 Horse Collar
21:28 Bow Saw
22:12 Heavy Plow
24:07 Hand Cart
24:38 Gold Mining
27:43 Gold Shaft Mining
26:59 Stone Mining
30:59 Imperial Age
28:16 Loom
29:50 Guard Tower
30:21 Ballistics
29:55 Fletching
30:05 Padded Archer Armor
32:45 Two-Man Saw
32:00 Bodkin Arrow
32:23 Leather Archer Armor
33:28 Chemistry
33:04 Keep
32:16 Arrowslits
32:12 Treadmill Crane
32:42 Masonry
32:30 Murder Holes
33:49 Caravan
34:18 Bracer
34:19 Scale Mail Armor
34:29 Forging
33:45 Heavy Cavalry Archer
34:51 Parthian Tactics
34:31 Yasama
34:52 Conscription
35:05 Kataparuto
35:46 Hoardings
35:49 Siege Engineers
37:12 Thumb Ring
37:59 Ring Archer Armor
37:44 Chain Mail Armor
38:04 Iron Casting
37:27 Pikeman
38:09 Squires
38:17 Halberdier
Twtis
1:06 Loom
11:53 Feudal Age
16:20 Castle Age
14:53 Double-Bit Axe
15:18 Horse Collar
24:49 Bow Saw
25:03 Heavy Plow
26:06 Wheelbarrow
27:31 Hand Cart
32:17 Imperial Age
31:43 Ballistics
31:46 Gold Mining
32:54 Scale Barding Armor
32:59 Forging
32:21 Light Cavalry
33:13 Bloodlines
33:03 Husbandry
34:49 Chain Barding Armor
35:05 Iron Casting
33:57 Heavy Scorpion
34:48 Siege Engineers
37:37 Plate Barding Armor
38:03 Blast Furnace
37:51 Bloodlines
37:42 Husbandry
37:36 Hussar
39:34 Hoardings
40:39 Blast Furnace
Crackhörnchen
1:39 Loom
11:42 Feudal Age
17:01 Castle Age
14:59 Double-Bit Axe
14:59 Horse Collar
27:14 Forging
32:32 Imperial Age
32:20 Wheelbarrow
36:52 Hand Cart
37:46 Fletching
38:43 Bodkin Arrow
44:30 Bow Saw
羽丘白色魅魔丰川祥子
10:29 Feudal Age
13:59 Castle Age
12:27 Double-Bit Axe
15:26 Bow Saw
20:05 Horse Collar
20:14 Loom
22:05 Wheelbarrow
23:01 Heavy Plow
25:43 Hand Cart
29:00 Imperial Age
29:24 Squires
28:48 Pikeman
30:18 Crop Rotation
30:52 Two-Man Saw
30:17 Conscription
29:25 Halberdier
30:59 Forging
30:49 Scale Mail Armor
31:58 Chemistry
31:04 Siege Engineers
30:48 Heavy Scorpion
33:06 Ballistics
33:33 Iron Casting
33:13 Chain Mail Armor
33:18 Detinets
34:58 Onager
35:54 Masonry
35:56 Fortified Wall
35:35 Town Watch
36:52 Blast Furnace
36:22 Plate Mail Armor
38:31 Caravan
38:49 Siege Onager
39:50 Capped Ram
41:05 Siege Ram
42:21 Murder Holes
42:22 Fletching
42:35 Druzhina
43:11 Hoardings
Welldone
0:47 Loom
14:30 Feudal Age
15:04 Fishing Lines
15:53 Double-Bit Axe
16:47 Horse Collar
23:05 Castle Age
23:57 Gillnets
26:18 Bow Saw
27:21 Wheelbarrow
28:38 Heavy Plow
29:08 Hand Cart
32:42 Imperial Age
30:20 Gold Mining
31:57 Caravan
32:38 Scale Barding Armor
32:44 Forging
32:45 Cavalier
33:36 Bloodlines
34:20 Chain Barding Armor
34:46 Gold Shaft Mining
34:26 Paladin
36:36 Plate Barding Armor
36:37 Iron Casting
36:55 Crop Rotation
39:14 Light Cavalry
40:08 Hussar
43:46 Blast Furnace
42:38 Fletching
大王同学
0:45 Loom
12:50 Feudal Age
13:31 Double-Bit Axe
16:29 Castle Age
14:52 Fishing Lines
15:15 Double-Bit Axe
17:43 Bow Saw
17:29 Gillnets
20:47 Wheelbarrow
22:17 Gold Mining
22:18 Stone Mining
24:49 Horse Collar
29:07 Imperial Age
29:57 Fletching
30:07 Padded Archer Armor
32:48 Chemistry
33:16 Onager
35:54 Elite Genoese Crossbowman
36:45 Bodkin Arrow
37:06 Leather Archer Armor
37:12 Ballistics
37:35 Bracer
38:44 Masonry
40:36 Leather Archer Armor
41:16 Conscription
41:18 Silk Road
42:17 Ring Archer Armor
44:11 Stone Shaft Mining
43:34 Town Watch
44:23 Thumb Ring
47:08 Architecture
豹豹是只大猫咪
7:08 Loom
10:23 Feudal Age
14:57 Castle Age
13:15 Double-Bit Axe
13:25 Horse Collar
20:26 Wheelbarrow
21:45 Bow Saw
21:52 Heavy Plow
24:53 Hand Cart
24:35 Gold Mining
26:06 Gold Shaft Mining
25:41 Town Watch
29:17 Imperial Age
26:39 Fishing Lines
28:51 Town Patrol
29:05 Forging
29:01 Scale Barding Armor
30:02 Tusk Swords
30:25 Conscription
29:31 Elite Battle Elephant
30:13 Husbandry
30:24 Bloodlines
30:54 Iron Casting
31:28 Chain Barding Armor
31:06 Capped Ram
33:43 Plate Barding Armor
35:14 Blast Furnace
34:51 Siege Ram
39:04 Fletching
39:15 Padded Archer Armor
43:53 Crop Rotation
45:06 Light Cavalry
46:06 Stone Mining
Connection lost

Rejoining the realm…

Still unreachable

The connection could not be restored.

Session expired

The server has moved on; the page needs a fresh start.